 Dungeon Sprint DCSS version 0.20-a0-876-g2c7b0bf (webtiles) character file.

2758 esc the Grappler (level 9, -11/153 HPs)
             Began as a Troll Berserker on Mar 15, 2017.
             Was an Elder of Trog.
             Mangled by a tentacle (21 damage)
             ... attached to a kraken
             ... in the Dungeon (Sprint II: "The Violet Keep of Menkaure").
             The game lasted 00:06:30 (703 turns).

esc the Grappler (Troll Berserker)                   Turns: 703, Time: 00:06:30

Health: -11/153    AC:  5    Str: 33    XL:     9   Next: 41%
Magic:  7/7        EV: 15    Int:  3    God:    Trog [****..]
Gold:   1154       SH:  0    Dex: 11    Spells: 8/8 levels left

rFire    . . .     SeeInvis .     - Unarmed
rCold    . . .     Gourm    +   a - +0 animal skin
rNeg     . . .     Faith    .   (no shield)
rPois    .         Spirit   .   (helmet restricted)
rElec    .         Reflect  .   (no cloak)
rCorr    .         Harm     .   (gloves unavailable)
MR       .....     NoTele   +   (boots unavailable)
Stlth    ..........             (no amulet)
Regen    0.8/turn               p - +3 ring of slaying
MPRegen  0.1/turn               r - +2 ring of dexterity

@: berserking, very quick
A: unfitting armour, claws 3, clumsy 1, fast metabolism 3, gourmand, low mp 1,
regeneration 1, shaggy fur 1, tough skin 2, subdued magic 1
a: Berserk, Trog's Hand, Brothers in Arms, Burn Spellbooks, Renounce Religion


You were in the Dungeon.
You worshipped Trog.
Trog was greatly pleased with you.
You were not hungry.

You visited 1 branch You collected 1154 gold pieces.

Inventory:

Missiles
 i - 4 large rocks (quivered) {!d}
Armour
 a - a +0 animal skin (worn)
Jewellery
 p - a +3 ring of slaying (right claw)
   (You found it in the Dungeon)
 r - a +2 ring of dexterity (left claw)
   (You found it in the Dungeon)
Scrolls
 h - a scroll of blinking {!r}
 j - 2 scrolls of recharging {unknown}
 n - 4 scrolls of remove curse {unknown}
 o - 4 scrolls of identify {unknown}
 t - a scroll of amnesia {unknown}
 v - a scroll of magic mapping {unknown}
 y - a scroll of fog {unknown}
Potions
 c - 3 potions of curing
 d - 3 potions of heal wounds
 e - a potion of haste
 f - 5 potions of magic
 g - a potion of berserk rage {!q}
 k - a potion of agility {unknown}
 l - a potion of mutation {unknown}
 m - 2 potions of brilliance {unknown}
 s - 3 potions of resistance {unknown}
 w - 3 potions of lignification {unknown}
 x - 3 potions of flight {unknown}
Comestibles
 b - 3 bread rations {@e1}
 q - 2 fruits
 u - 2 meat rations {@e2}


   Skills:
 + Level 10.9 Fighting
 + Level 0.0 Throwing
 + Level 10.9 Dodging
 + Level 12.8 Unarmed Combat


You had 8 spell levels left.
You didn't know any spells.

Dungeon Overview and Level Annotations

Branches:
Dungeon (1/1)

Altars:
Cheibriados
Dithmenos
Elyvilon
Fedhas
Gozag
Hepliaklqana
Kikubaaqudgha
Makhleb
Nemelex Xobeh
Okawaru
Qazlal
Ru
Sif Muna
Trog
Uskayaw
Vehumet
Wu Jian
Xom
Yredelemnul
Zin
The Shining One
Beogh
Jiyva
Lugonu

Shops:
D ::[%}=(?=[=([%!!

Annotations:
D exclusions: ice statue and oklob plant


Innate Abilities, Weirdness & Mutations

You are too large for most types of armour.
You have claws for hands.
Your metabolism is lightning-fast.
You like to eat raw meat.
Your natural rate of healing is unusually fast.
You are covered in fur. (AC +1)
You have very tough skin. (AC +2)
You are clumsy. (Dex -2)
Your magical capacity is low. (-10% MP)
Your spells are a little easier to cast, but a little less powerful.


Message History

You now have 1086 gold pieces (gained 7).
You regained 2 hp, and now have 27/102 hp.
n - a scroll labeled EWONIKKABRE You now have 1095 gold pieces (gained 9).
o - a scroll labeled KIRUMO ZASI You regained 2 hp, and now have 31/102 hp.
p - a knobbly copper ring
d - 2 potions of heal wounds (gained 1)
You now have 1104 gold pieces (gained 9).
You regained 2 hp, and now have 35/102 hp.
q - a fruit You see here a hunting sling.
You see here a hunting sling.
r - an encrusted golden ring You regained 2 hp, and now have 39/102 hp.
You see here a spear.
o - 2 scrolls labeled KIRUMO ZASI (gained 1)
You regained 2 hp, and now have 41/102 hp.
You see here 23 arrows.
o - 3 scrolls labeled KIRUMO ZASI (gained 1)
You regained 2 hp, and now have 43/102 hp.
b - 3 bread rations {@e1} (gained 1)
j - 2 scrolls labeled YGIPRO HUXE (gained 1)
You see here a hand axe.
s - 3 smoky dark potions You now have 1112 gold pieces (gained 8).
You regained 2 hp, and now have 49/102 hp.
t - a scroll labeled BAARIM OREGI You see here a chain mail.
You see here a ring mail.
You see here 24 bolts.
u - a meat ration {@e2}
v - a scroll labeled EMOASICASO You regained 2 hp, and now have 55/102 hp.
w - a ruby potion You regained 2 hp, and now have 57/102 hp.
w - 3 ruby potions (gained 2)
You now have 1114 gold pieces (gained 2).
u - 2 meat rations {@e2} (gained 1)
You regained 2 hp, and now have 61/102 hp.
n - 2 scrolls labeled EWONIKKABRE (gained 1)
You see here 24 arrows.
o - 4 scrolls labeled KIRUMO ZASI (gained 1)
You start resting.
The walls and floor vibrate strangely for a moment.
You regained 10 hp, and now have 74/102 hp.
q - 2 fruits (gained 1)
You regained 2 hp, and now have 76/102 hp.
n - 3 scrolls labeled EWONIKKABRE (gained 1)
x - 3 clear potions You see here a robe.
y - a scroll labeled JOCOPU HOPPUQ You now have 1124 gold pieces (gained 10).
You regained 2 hp, and now have 82/102 hp.
n - 4 scrolls labeled EWONIKKABRE (gained 1)
You see here a leather armour.
You now have 1135 gold pieces (gained 11).
f - 5 potions of magic (gained 3)
You see here 23 stones.
You now have 1154 gold pieces (gained 19).
You see here a whip.
You see here a hand axe.
You see here a robe.
d - 3 potions of heal wounds (gained 1)
You regained 2 hp, and now have 92/102 hp.
Put on which piece of jewellery? (? for menu, Esc to quit)
You feel agile.
r - a +2 ring of dexterity (left claw) Put on which piece of jewellery? (? for menu, Esc to quit)
p - a +3 ring of slaying (right claw)
You see here a spear.
You start resting.
Health restored: 102 You see here a hunting sling.
You open the door.
There is an open door here.
The kraken bites you!
You take 10 damage, and have 92/102 hp.
A red film seems to cover your vision as you go berserk!
You feel yourself moving faster!
You feel mighty!
You feel a lot more hungry.
Tentacles burst out of the water!
The kraken closely misses you. 4 tentacles come into view.
You now have 138/153 hp.
You mangle the kraken!! The tentacle misses you. The kraken bites you!!
The tentacle slaps you!
You take 32 damage, and have 106/153 hp.
MASSIVE DAMAGE!!
You scratch the kraken but do no damage.
You claw the kraken, but do no damage. You mangle the kraken!!
You claw the kraken, but do no damage. The tentacle slaps you.
The tentacle slaps you! The kraken misses you.
You take 11 damage, and have 95/153 hp.
You claw the kraken!
The tentacle slaps you!! x2; The kraken bites you!!!
* * * LOW HITPOINT WARNING * * *
You take 85 damage, and have 10/153 hp.
MASSIVE DAMAGE!!
Here: a tentacle The floor.
You claw the kraken! The tentacle slaps you!!
You die...

#))▓[(.....)▓▓
.####)}▓...)...(▓▓
...####▓..(...)(▓▓
#..##.#▓[...(...▓▓
+..#..#▓...[....▓▓
#..#..#▓.(..)).(▓▓
#..##.#▓))[..)..▓▓
##...##▓▓▓▓▓▓▓'▓▓▓▓+▓
§≈≈≈≈≈≈≈≈≈≈≈≈≈..@Xw≈▓
.≈#'########+###www≈▓
.≈#_._(....#t§≈##≈≈≈▓
.≈#._._....#§§§≈####▓
≈≈#_._._...#≈§§≈§
§≈#._._._..#§§≈§≈
≈≈#_._._._.#≈≈≈≈≈
≈§#._._._._#≈≈§≈§
≈§#.._._._.#§§


You could see a kraken and 4 tentacles.

Vanquished Creatures
  A merfolk siren (D)
  A yaktaur (D)
  3 polar bears (D)
  A hornet (D)
  A blink frog (D)
  2 hippogriffs (D)
  4 neqoxecs (D)
  4 necrophages (D)
  A crocodile (D)
18 creatures vanquished.

Vanquished Creatures (others)
  Menkaure (D)
  A crocodile (D)
  4 tentacles (D)
6 creatures vanquished.

Grand Total: 24 creatures vanquished

Notes
Turn   | Place    | Note
-------+----------+-------------------------------------------
     0 | D        | esc the Troll Berserker began the quest for the Orb.
     0 | D        | Reached XP level 1. HP: 22/22 MP: 0/0
     1 | D        | Noticed a necrophage
     1 | D        | Noticed a necrophage
     1 | D        | Noticed a necrophage
     1 | D        | Noticed a necrophage
     5 | D        | Killed a necrophage
     5 | D        | Reached skill level 4 in Fighting
     5 | D        | Reached skill level 4 in Dodging
     5 | D        | Reached skill level 5 in Unarmed Combat
     5 | D        | Reached XP level 2. HP: 33/33 MP: 1/1
     5 | D        | Reached XP level 3. HP: 40/40 MP: 2/2
     5 | D        | Reached XP level 4. HP: 49/49 MP: 3/3
    11 | D        | Killed a necrophage
    11 | D        | Reached skill level 5 in Fighting
    11 | D        | Reached skill level 5 in Dodging
    11 | D        | Reached skill level 6 in Unarmed Combat
    11 | D        | Reached XP level 5. HP: 59/59 MP: 4/4
    14 | D        | Killed a necrophage
    14 | D        | Reached ** piety under Trog
    14 | D        | Reached skill level 6 in Fighting
    14 | D        | Reached skill level 6 in Dodging
    14 | D        | Reached skill level 7 in Unarmed Combat
    18 | D        | Killed a necrophage
    18 | D        | Reached skill level 7 in Fighting
    18 | D        | Reached skill level 7 in Dodging
    18 | D        | Reached skill level 8 in Unarmed Combat
    18 | D        | Reached XP level 6. HP: 63/71 MP: 5/5
    45 | D        | Killed Menkaure
    64 | D        | Noticed a neqoxec
    64 | D        | Noticed a neqoxec
    64 | D        | Noticed a neqoxec
    64 | D        | Noticed a neqoxec
    65 | D        | Lost intelligence.
    68 | D        | Gained mutation: Your spells are a little easier to cast, but a little less powerful. [a neqoxec]
    71 | D        | Killed a neqoxec
    71 | D        | Reached skill level 9 in Unarmed Combat
    78 | D        | Killed a neqoxec
    78 | D        | Reached *** piety under Trog
    78 | D        | Reached XP level 7. HP: 79/79 MP: 6/6
    83 | D        | Gained mutation: You are clumsy. (Dex -2) [a neqoxec]
    85 | D        | Gained mutation: Your magical capacity is low. (-10% MP) [a neqoxec]
    86 | D        | Killed a neqoxec
    86 | D        | Reached skill level 8 in Fighting
    86 | D        | Reached skill level 8 in Dodging
    93 | D        | Killed a neqoxec
    93 | D        | Reached skill level 10 in Unarmed Combat
   118 | D        | Noticed an ice statue
   131 | D        | Noticed a hippogriff
   131 | D        | Noticed a hippogriff
   137 | D        | Killed a hippogriff
   137 | D        | Reached skill level 9 in Fighting
   137 | D        | Reached XP level 8. HP: 84/92 MP: 6/6
   143 | D        | Killed a hippogriff
   143 | D        | Reached **** piety under Trog
   143 | D        | Reached skill level 9 in Dodging
   172 | D        | Noticed a merfolk siren
   177 | D        | Killed a merfolk siren
   177 | D        | Reached skill level 11 in Unarmed Combat
   224 | D        | Found Vuot's Distillery.
   224 | D        | Found Harutoci's Antique Armour Boutique.
   224 | D        | Found Goturel's Distillery.
   224 | D        | Found Ybrutzus's Antique Weapon Shop.
   225 | D        | Found Qelylibb's Jewellery Shop.
   225 | D        | Found Xacaut's Antique Armour Boutique.
   225 | D        | Found Ihywoi's Jewellery Shop.
   225 | D        | Found Zyevou's Magic Scroll Boutique.
   226 | D        | Found Hyileopp's Jewellery Boutique.
   226 | D        | Found Siyros's Gadget Shop.
   227 | D        | Found Tus Toank's Food Shop.
   227 | D        | Found Ziphan Peegi's Antique Weapon Boutique.
   227 | D        | Noticed a great orb of eyes
   228 | D        | Found Dahel's Food Boutique.
   228 | D        | Found Sotuqosch's Armour Shop.
   228 | D        | Noticed an oklob plant
   229 | D        | Found Itagej's Book Boutique.
   229 | D        | Found Qazun's Book Shoppe.
   288 | D        | Noticed a blink frog
   301 | D        | Killed a blink frog
   301 | D        | Reached ***** piety under Trog
   301 | D        | Reached skill level 10 in Fighting
   301 | D        | Reached skill level 10 in Dodging
   342 | D        | Found an iron altar of Okawaru.
   342 | D        | Found a radiant altar of Vehumet.
   343 | D        | Found a sparkling altar of Nemelex Xobeh.
   343 | D        | Found a hide-covered altar of Uskayaw.
   343 | D        | Found a glowing silver altar of Zin.
   344 | D        | Found an opulent altar of Gozag.
   344 | D        | Found a burning altar of Makhleb.
   344 | D        | Found a bloodstained altar of Trog.
   345 | D        | Found a blossoming altar of Fedhas.
   345 | D        | Found a corrupted altar of Lugonu.
   345 | D        | Found a basalt altar of Yredelemnul.
   345 | D        | Found a deep blue altar of Sif Muna.
   346 | D        | Found a white marble altar of Elyvilon.
   346 | D        | Found an ancient bone altar of Kikubaaqudgha.
   347 | D        | Found a shadowy altar of Dithmenos.
   347 | D        | Found a viscous altar of Jiyva.
   348 | D        | Found a snail-covered altar of Cheibriados.
   349 | D        | Found a roughly hewn altar of Beogh.
   349 | D        | Noticed a polar bear
   351 | D        | Found a shimmering altar of Xom.
   351 | D        | Found a sacrificial altar of Ru.
   351 | D        | Found a hazy altar of Hepliaklqana.
   351 | D        | Noticed a hornet
   352 | D        | Noticed a polar bear
   352 | D        | Noticed a polar bear
   352 | D        | Found a glowing golden altar of the Shining One.
   352 | D        | Found an ornate altar of the Wu Jian Council.
   352 | D        | Found a stormy altar of Qazlal.
   352 | D        | Noticed a yaktaur
   360 | D        | Killed a hornet
   362 | D        | Killed a polar bear
   362 | D        | Reached skill level 12 in Unarmed Combat
   362 | D        | Reached XP level 9. HP: 102/102 MP: 7/7
   368 | D        | Killed a polar bear
   371 | D        | Killed a yaktaur
   371 | D        | Received a gift from Trog
   444 | D        | Killed a polar bear
   534 | D        | Noticed a kraken
   543 | D        | HP: 19/102 [tentacle[a kraken] (11)]
   544 | D        | HP: 4/102 [tentacle[a kraken] (16)]
   702 | D        | HP: 10/153 [kraken (39)]
   703 | D        | Mangled by a tentacle

Vault maps used:
D:        the_violet_keep_of_menkaure

Skill      XL: |  1  2  3  4  5  6  7  8 |
---------------+-------------------------+-----
Fighting       | 4 5 7 9 10 | 10.9
Dodging        | 4 5 7 8 10 | 10.9
Unarmed Combat | 5 6 8 9 10 12 | 12.8

Action                   |  1- 3 |  4- 6 |  7- 9 || total
-------------------------+-------+-------+-------++-------
Melee: Unarmed           |     3 |    22 |    63 ||    88
       Punch             |       |       |     6 ||     6
Invok: Berserk           |     1 |     1 |     2 ||     4
       Trog's Hand       |       |       |     1 ||     1
       Brothers in Arms  |       |       |     1 ||     1
  Eat: Chunk             |       |       |    10 ||    10
Armor: Animal skin       |       |     3 |    17 ||    20
Dodge: Dodged            |     1 |    10 |    47 ||    58

Vault maps used:
D:        the_violet_keep_of_menkaure

Table legend:
 A = Turns spent in this place as a percentage of turns spent in the entire game.
 B = Non-inter-level travel turns spent in this place as a percentage of non-inter-level travel turns spent in the entire game.
 C = Inter-level travel turns spent in this place as a percentage of turns spent in this place.
 D = Turns resting spent in this place as a percentage of non-inter-level travel turns spent in this place.
 E = Turns spent auto-exploring this place as a percentage of non-inter-level travel turns spent in this place.
 F = Non-inter-level travel turns spent in this place divided by the number of levels of this place that you've seen.
                   A       B       C       D       E      F
               +-------+-------+-------+-------+-------+----------------------
         Total | 100.0 | 100.0 |   0.0 |   6.7 |   0.0 | 447.0
       Dungeon | 100.0 | 100.0 |   0.0 |   6.7 |   0.0 | 447.0
               +-------+-------+-------+-------+-------+----------------------

Table legend:
 A = Kills in this place as a percentage of kills in entire the game.
 B = Kills by you in this place as a percentage of kills by you in the entire game.
 C = Kills by friends in this place as a percentage of kills by friends in the entire game.
 D = Other kills in this place as a percentage of other kills in the entire game.
 E = Experience gained in this place as a percentage of experience gained in the entire game.
 F = Experience gained in this place divided by the number of levels of this place that you have seen.
                   A       B       C       D       E      F
               +-------+-------+-------+-------+-------+----------------------
         Total | 100.0 | 100.0 |  -nan |  -nan | 100.0 | 3941.0
       Dungeon | 100.0 | 100.0 |  -nan |  -nan | 100.0 | 3941.0
               +-------+-------+-------+-------+-------+----------------------
